cohdb
Replays
Latest Replays
All Replays
Popular Replays
Top Player Replays
Match Explorer
How It Works
Community
CoH3 Stats
Reddit
Sign in to upload your games and track your stats! →
Sign in with Steam
Match 37432466
Unlisted
Match 37432466
Overview
Messages
Build Orders
End
Panzerpioneer Squad
Selects Italian Combined Arms Battlegroup
Selects Bersaglieri Squad
Bersaglieri Squad
Bersaglieri Squad
Construct Light Support Kompanie
Bersaglieri Squad
2.5-tonne Medical Truck
Fire Support Elements
Forward Retreat Point
Selects Bersaglieri Bolster
Panzerjäger Squad
Selects Breda Model 30 Light Machine Guns
Pak 38 Mechanized Group
le.IG 18 Support Gun Team
le.IG 18 Support Gun Team
Construct Panzerarmee Kommand
Walking Stuka Rocket Launcher
Pak 38 Mechanized Group
Selects Semovente da 75/18 Assault Gun
Selects Strafing Run
UH|dun! ツ
UH|XTC
insane
Zapata
rocketpossum
Tankilicious
0
0
Comments
sign in to comment!
No comments posted yet!